 Dungeon Crawl Stone Soup version 0.21-a0-26-g7b23a2f (webtiles) character file.

149 mcbry the Chopper (level 5, 0/48 HPs)
             Began as a Hill Orc Fighter on May 25, 2017.
             Succumbed to an adder's poison
             ... on level 4 of the Dungeon.
             The game lasted 00:05:29 (1339 turns).

mcbry the Chopper (Hill Orc Fighter)                Turns: 1339, Time: 00:05:30

Health: 0/48       AC:  6    Str: 20    XL:     5   Next: 31%
Magic:  5/5        EV:  7    Int:  8    God:
Gold:   124        SH:  9    Dex: 10    Spells: 4/4 levels left

rFire    . . .     SeeInvis .   a - +0 war axe
rCold    . . .     Gourm    .   c - +0 shield
rNeg     . . .     Faith    .   b - +0 scale mail
rPois    .         Spirit   .   (no helmet)
rElec    .         Reflect  .   (no cloak)
rCorr    .         Harm     .   (no gloves)
MR       .....                  (no boots)
Stlth    ..........             (no amulet)
Regen    0.2/turn               (no ring)
MPRegen  0.1/turn               (no ring)

@: lethally poisoned (0 -> -4), very slightly contaminated, slowed, invisible,
very slow
A: no striking features
a: no special abilities


You were on level 4 of the Dungeon.
You were hungry.

You visited 1 branch of the dungeon, and saw 4 of its levels.

You collected 124 gold pieces.

Inventory:

Hand Weapons
 a - a +0 war axe (weapon)
Armour
 b - a +0 scale mail (worn)
 c - a +0 shield (worn)
Scrolls
 e - 5 scrolls of identify {unknown}
 i - a scroll of enchant armour {unknown}
 n - a scroll of remove curse {unknown}
 o - a scroll of recharging {unknown}
 p - a scroll of teleportation {unknown}
Potions
 d - a potion of might
 j - a potion of haste {unknown}
 k - 2 potions of heal wounds {unknown}
 l - a potion of cancellation {unknown}
 m - 2 potions of invisibility
Comestibles
 f - 2 bread rations
 g - 3 fruits
 h - 4 royal jellies


   Skills:
 + Level 5.0 Fighting
 * Level 6.0 Axes
 - Level 3.2 Armour
 - Level 3.2 Shields


You had 4 spell levels left.
You didn't know any spells.

Dungeon Overview and Level Annotations

Branches:
Dungeon (4/15)
 Temple: D:4-7

Altars:
Elyvilon

Annotations:
D:3 Jessica
D:4 1 runed door, Natasha


Message History

The adder is almost dead.
* * * LOW HITPOINT WARNING * * *
You feel sick. The adder bites you.
* * * LOW HITPOINT WARNING * * *
The adder bites you but does no damage.
Natasha stares at you and mumbles some strange words.
You feel as though you will be slow longer.
You slash the adder!
You kill the adder!
Your Axes skill increases to level 6!
* * * LOW HITPOINT WARNING * * *
You feel sick.
* * * LOW HITPOINT WARNING * * *
You feel sick.
It was a potion of invisibility.
You fade into invisibility!
* * * LOW HITPOINT WARNING * * *
You feel sick. Natasha barely misses you.
You are very lightly contaminated with residual magic.
You die...

# #.....#
#.###....# ##
##.+###...# ##..
.._..A#...# #...#
##$####...#
#.#....###.###...$#
........##>##.....#
#......h.###..##.##
###.#....@...## .#
................#
###.##.###########
#. #. # #. #.


You could see Natasha.

Vanquished Creatures
  Natasha (D:4)
  2 worker ants (D:4)
  5 adders
  A dart slug (D:2)
  2 orcs (D:4)
  3 giant cockroaches (D:1)
  2 goblins
  2 hobgoblins (D:1)
  3 jackals (D:1)
  3 kobolds (D:1)
  A bat (D:1)
  2 frilled lizards
  10 rats
37 creatures vanquished.

Vanquished Creatures (others)
  4 toadstools (D:1)
4 creatures vanquished.

Grand Total: 41 creatures vanquished

Notes
Turn   | Place    | Note
-------+----------+-------------------------------------------
     0 | D:1      | mcbry the Hill Orc Fighter began the quest for the Orb.
     0 | D:1      | Reached XP level 1. HP: 19/19 MP: 1/1
    29 | D:1      | Reached skill level 3 in Axes
   134 | D:1      | Reached XP level 2. HP: 26/27 MP: 2/2
   458 | D:2      | Reached skill level 4 in Axes
   458 | D:2      | Reached XP level 3. HP: 29/33 MP: 3/3
   603 | D:3      | Noticed Jessica
   948 | D:4      | Reached XP level 4. HP: 37/41 MP: 4/4
  1148 | D:4      | Reached skill level 5 in Axes
  1247 | D:4      | Reached XP level 5. HP: 38/47 MP: 5/5
  1306 | D:4      | Found a white marble altar of Elyvilon.
  1307 | D:4      | Found a runed door.
  1307 | D:4      | Noticed an angel
  1315 | D:4      | Noticed Natasha
  1326 | D:4      | Killed Natasha
  1326 | D:4      | Reached skill level 5 in Fighting
  1333 | D:4      | Noticed Natasha
  1336 | D:4      | Reached skill level 6 in Axes
  1336 | D:4      | HP: 2/48 [poisoned by an adder]
  1339 | D:4      | Succumbed to an adder's poison

Vault maps used:
D:1:      ldierk_walled_garden_2, minmay_rat_gold_closets
D:2:      minmay_joined_circles
D:3:      portal_sewer_entry_d, uniq_jessica
D:4:      lemuel_angel_altar, uniq_natasha

Skill      XL: |  1  2  3  4  5 |
---------------+----------------+-----
Axes           | 3 4 5 6 |  6.0
Fighting       | 4 5 |  5.0
Armour         | |  3.2
Shields        | |  3.2

Action                   |  1- 3 |  4- 6 || total
-------------------------+-------+-------++-------
Melee: War axe           |    89 |    46 ||   135
  Use: Potion            |       |     1 ||     1
  Eat: Chunk             |       |     1 ||     1
Armor: Scale mail        |    42 |    13 ||    55
Dodge: Dodged            |    23 |    20 ||    43
Block: Shield            |    47 |    28 ||    75
